 Dungeon Sprint DCSS version 0.20.1-1-g8b1a95d (webtiles) character file.

9654 wojtek the Bludgeoner (level 11, -5/108 HPs)
             Began as a Minotaur Fighter on Dec 29, 2017.
             Was the Champion of Makhleb.
             Slain by a 12-headed hydra (11 damage)
             ... in the Dungeon (Sprint I: "Red Sonja").
             The game lasted 00:10:42 (2491 turns).

wojtek the Bludgeoner (Minotaur Fighter)            Turns: 2491, Time: 00:10:43

Health: -5/108     AC: 23    Str: 29    XL:     11   Next: 25%
Magic:  10/10      EV: 16    Int:  5    God:    Makhleb [******]
Gold:   256        SH: 14    Dex: 10    Spells: 10/10 levels left

rFire    + . .     SeeInvis +   q - +0 whip (curse)
rCold    . . .     Gourm    .   c - +0 shield
rNeg     + . .     Faith    .   x - +3 plate armour {rF+}
rPois    .         Spirit   .   (helmet restricted)
rElec    .         Reflect  .   (no cloak)
rCorr    .         Harm     .   p - +3 pair of gauntlets of War {Slay+5}
MR       +....     NoTele   +   (no boots)
Stlth    ..........             (no amulet)
Regen    0.3/turn               t - ring "Wyolocod" {rN+ MR+ EV+3 SInv Stlth+}
MPRegen  0.2/turn               (no ring)

@: mighty, hasted, very quick
A: retaliatory headbutt, horns 2
a: Minor Destruction, Lesser Servant of Makhleb, Major Destruction, Greater
Servant of Makhleb, Renounce Religion


You were in the Dungeon.
You worshipped Makhleb.
Makhleb was exalted by your worship.
You were hungry.

You visited 1 branch You collected 2076 gold pieces.
You spent 1820 gold pieces at shops.

Inventory:

Hand Weapons
 a - a +0 flail
 o - the +3 shortbow "Ziovenuf" {freeze, *Contam rPois Int+3, unknown}
   (You found it in the Dungeon)

   It causes projectiles fired from it to freeze those they strike, causing
   extra injury to most foes and up to half again as much damage against
   particularly susceptible opponents.
   They can also slow down cold-blooded creatures.
   It affects your intelligence (+3).
   It protects you from poison.
   It causes magical contamination when unequipped.
 q - a cursed +0 whip (weapon)
Armour
 b - a +0 scale mail
 c - a +0 shield (worn)
 m - a +0 scale mail of poison resistance
 p - the +3 pair of gauntlets of War (worn) {Slay+5}
   (You bought it in a shop in the Dungeon)

   It affects your accuracy and damage with ranged weapons and melee attacks
   (+5).
 x - a +3 plate armour of fire resistance (worn)
Jewellery
 t - the ring "Wyolocod" (left hand) {rN+ MR+ EV+3 SInv Stlth+}
   (You bought it in a shop in the Dungeon)

   [ring of evasion]

   It affects your evasion (+3).
   It protects you from negative energy.
   It affects your resistance to hostile enchantments.
   It lets you see invisible.
   It makes you more stealthy.
Wands
 f - a wand of lightning (4/15)
 l - a wand of random effects (29/48)
 v - a wand of scattershot (4/9)
Scrolls
 j - 2 scrolls of identify {unknown}
 k - a scroll of blinking
 r - a scroll of random uselessness {unknown}
 s - a scroll of recharging {unknown}
 w - 2 scrolls of fog {unknown}
Potions
 e - 5 potions of curing
 i - 2 potions of magic
 n - a potion of flight {unknown}
Comestibles
 u - a royal jelly


   Skills:
 + Level 13.8 Fighting
 * Level 18.4 Maces & Flails
 + Level 13.8 Armour
 + Level 12.2 Dodging
 + Level 13.4 Shields


You had 10 spell levels left.
You didn't know any spells.

Dungeon Overview and Level Annotations

Branches:
Dungeon (1/1)

Altars:
Cheibriados
Dithmenos
Elyvilon
Fedhas
Gozag
Hepliaklqana
Kikubaaqudgha
Makhleb
Nemelex Xobeh
Okawaru
Qazlal
Ru
Sif Muna
Trog
Uskayaw
Vehumet
Xom
Yredelemnul
Zin
The Shining One
Jiyva
Lugonu

Shops:
D [==([(*=!=[*((:[(


Innate Abilities, Weirdness & Mutations

You reflexively headbutt those who attack you in melee.
You have a pair of horns on your head.


Message History

The 12-headed hydra bites you but does no damage.
You block the 12-headed hydra's attack. The 12-headed hydra bites you.
* * * LOW HITPOINT WARNING * * *
The 12-headed hydra barely misses you.
The 12-headed hydra bites you but does no damage.
You block the 12-headed hydra's attack.
The 12-headed hydra bites you but does no damage.
The 12-headed hydra bites you.
* * * LOW HITPOINT WARNING * * *
You block the 12-headed hydra's attack.
The 12-headed hydra bites you but does no damage.
The 12-headed hydra closely misses you. You block the 12-headed hydra's attack.
Unknown command.
You feel yourself speed up. You block the 12-headed hydra's attack.
The 12-headed hydra barely misses you.
The 12-headed hydra bites you but does no damage.
You block the 12-headed hydra's attack. The 12-headed hydra closely misses you.
The 12-headed hydra bites you but does no damage.
You block the 12-headed hydra's attack. The 12-headed hydra bites you!
You die...

######################
...#..#§§..§.§§§§D§.$#
).)##§#.####..§§@##$.+
...§§.#§# ##.§§## ##
####§.§.# ###+#
..##+#### §.# §.#
#'### #§§.# ###.#


You could see a 12-headed hydra.

Vanquished Creatures
  2 centaur warriors (D)
  Sonja (D)
  A deep troll (D)
  2 unseen horrors (D)
  A lindwurm (D)
  An oklob plant (D)
  4 demonic crawlers (D)
  2 kobold demonologists (D)
  A hornet (D)
  A slime creature (D)
  2 redbacks (D)
  Sigmund (D)
  13 hogs (D)
  A yak (D)
  3 floating eyes (D)
  7 necrophages (D)
  An ogre (D)
  8 jellies (D)
  Ijyb (D)
  2 ballistomycetes (D)
55 creatures vanquished.

Vanquished Creatures (others)
  A gargoyle (D)
  2 ballistomycete spores (D)
3 creatures vanquished.

Grand Total: 58 creatures vanquished

Notes
Turn   | Place    | Note
-------+----------+-------------------------------------------
     0 | D        | wojtek the Minotaur Fighter began the quest for the Orb.
     0 | D        | Reached XP level 1. HP: 19/19 MP: 0/0
     1 | D        | Noticed Ijyb
    13 | D        | Killed Ijyb
    13 | D        | Reached skill level 5 in Maces & Flails
    13 | D        | Reached XP level 2. HP: 25/28 MP: 1/1
    17 | D        | Noticed an ogre
    23 | D        | Killed an ogre
    23 | D        | Reached skill level 7 in Maces & Flails
    23 | D        | Reached XP level 3. HP: 34/37 MP: 2/2
    23 | D        | Reached XP level 4. HP: 40/44 MP: 3/3
    32 | D        | Noticed Sigmund
    37 | D        | Killed Sigmund
    37 | D        | Reached skill level 9 in Maces & Flails
    37 | D        | Reached XP level 5. HP: 35/52 MP: 4/4
   135 | D        | Found a burning altar of Makhleb.
   135 | D        | Found a viscous altar of Jiyva.
   135 | D        | Found a shimmering altar of Xom.
   135 | D        | Found a corrupted altar of Lugonu.
   135 | D        | Noticed a slime creature
   142 | D        | Killed a slime creature
   142 | D        | Reached skill level 10 in Maces & Flails
   142 | D        | Reached skill level 5 in Dodging
   142 | D        | Reached XP level 6. HP: 54/61 MP: 5/5
   144 | D        | Became a worshipper of Makhleb the Destroyer
   146 | D        | Found a deep blue altar of Sif Muna.
   148 | D        | Found a radiant altar of Vehumet.
   184 | D        | Found Askoydgh's Jewellery Emporium.
   184 | D        | Found an ancient bone altar of Kikubaaqudgha.
   184 | D        | Found a hazy altar of Hepliaklqana.
   184 | D        | Found a stormy altar of Qazlal.
   184 | D        | Found a hide-covered altar of Uskayaw.
   184 | D        | Found a blossoming altar of Fedhas.
   184 | D        | Found a bloodstained altar of Trog.
   184 | D        | Found an iron altar of Okawaru.
   184 | D        | Found a basalt altar of Yredelemnul.
   184 | D        | Found a glowing golden altar of the Shining One.
   184 | D        | Found a snail-covered altar of Cheibriados.
   184 | D        | Found a sacrificial altar of Ru.
   184 | D        | Found a glowing silver altar of Zin.
   184 | D        | Found a shadowy altar of Dithmenos.
   184 | D        | Found a white marble altar of Elyvilon.
   184 | D        | Noticed a yak
   193 | D        | Killed a yak
   193 | D        | Reached skill level 11 in Maces & Flails
   193 | D        | Reached XP level 7. HP: 50/69 MP: 6/6
   194 | D        | Found an opulent altar of Gozag.
   197 | D        | Found a sparkling altar of Nemelex Xobeh.
   292 | D        | Noticed a centaur warrior
   296 | D        | Noticed a centaur warrior
   305 | D        | Killed a centaur warrior
   305 | D        | Reached * piety under Makhleb
   305 | D        | Reached skill level 12 in Maces & Flails
   305 | D        | Reached XP level 8. HP: 37/79 MP: 7/7
   308 | D        | Killed a centaur warrior
   308 | D        | Reached skill level 10 in Fighting
   308 | D        | Reached skill level 13 in Maces & Flails
   308 | D        | Reached skill level 10 in Armour
   308 | D        | Reached skill level 10 in Shields
   539 | D        | Noticed a hornet
   542 | D        | Paralysed by a hornet for 3 turns
   546 | D        | Killed a hornet
   546 | D        | Reached skill level 14 in Maces & Flails
   546 | D        | Reached XP level 9. HP: 83/86 MP: 8/8
   596 | D        | Noticed an oklob plant
   604 | D        | Killed an oklob plant
   604 | D        | Reached ** piety under Makhleb
   871 | D        | Reached skill level 15 in Maces & Flails
   882 | D        | Reached *** piety under Makhleb
   907 | D        | HP: 4/89 [acid (6)]
  1076 | D        | Killed a gargoyle
  1263 | D        | Reached **** piety under Makhleb
  1275 | D        | Killed an unseen horror
  1275 | D        | Reached skill level 10 in Dodging
  1327 | D        | Killed an unseen horror
  1327 | D        | Reached skill level 16 in Maces & Flails
  1327 | D        | Reached XP level 10. HP: 45/97 MP: 9/9
  1544 | D        | Reached ***** piety under Makhleb
  1608 | D        | Got a polished shortbow
  1626 | D        | Found Casmibio's Antique Weapon Shoppe.
  1626 | D        | Found Nusesh's Jewellery Shop.
  1626 | D        | Found Ofaij's Antique Armour Boutique.
  1628 | D        | Found Ciul's Weapon Emporium.
  1628 | D        | Found Zudyratu's Assorted Antiques.
  1628 | D        | Found Tedumad's Jewellery Shoppe.
  1628 | D        | Found Jeiribak's Distillery.
  1628 | D        | Found Idwuklin's Jewellery Emporium.
  1628 | D        | Found Jair Foi's Armour Shop.
  1628 | D        | Found Wumaheoss's Assorted Antiques.
  1634 | D        | Found Qystrico's Weapon Boutique.
  1635 | D        | Found Uhit's Book Emporium.
  1635 | D        | Found Wopyrr's Antique Weapon Boutique.
  1636 | D        | Found Bikoatyo's Antique Weapon Emporium.
  1653 | D        | Bought the +3 pair of gauntlets of War {Slay+5} for 665 gold pieces
  1662 | D        | Bought a glowing whip for 137 gold pieces
  1671 | D        | Bought a scroll labeled JALEQO ANURIMP for 23 gold pieces
  1676 | D        | Bought a scroll labeled ZECWUM SIBI for 26 gold pieces
  1676 | D        | Bought a scroll labeled FYBOMNIXZI for 26 gold pieces
  1680 | D        | Bought the ring "Wyolocod" {rN+ MR+ EV+3 SInv Stlth+} for 448 gold pieces
  1745 | D        | Reached ****** piety under Makhleb
  1786 | D        | Reached skill level 17 in Maces & Flails
  1824 | D        | Noticed a lindwurm
  1834 | D        | Killed a lindwurm
  1887 | D        | Reached XP level 11. HP: 106/106 MP: 10/10
  1917 | D        | Reached skill level 18 in Maces & Flails
  1989 | D        | Noticed a deep troll
  2001 | D        | Killed a deep troll
  2013 | D        | Found Woduocic's Armour Emporium.
  2027 | D        | Noticed Sonja
  2039 | D        | Killed Sonja
  2237 | D        | Bought a +3 plate armour of fire resistance for 495 gold pieces
  2425 | D        | Found Putud's Antique Armour Boutique.
  2477 | D        | Noticed a 12-headed hydra
  2482 | D        | Paralysed by a floating eye for 3 turns
  2487 | D        | HP: 1/107 [12-headed hydra (7)]
  2491 | D        | Slain by a 12-headed hydra

Skill      XL: |  1  2  3  4  5  6  7  8  9 10 11 |
---------------+----------------------------------+-----
Fighting       | 4 6 7 8 9 10 12 13 | 13.8
Maces & Flails | 5 7 9 10 11 12 14 16 17 18 | 18.4
Armour         | 4 6 7 8 9 10 12 13 | 13.8
Dodging        | 3 4 5 6 7 8 10 11 12 | 12.2
Shields        | 4 6 7 9 10 11 13 | 13.4

Action                   |  1- 3 |  4- 6 |  7- 9 | 10-12 || total
-------------------------+-------+-------+-------+-------++-------
Melee: Flail             |    16 |    23 |    76 |    22 ||   137
       Headbutt          |     5 |     6 |    23 |    43 ||    77
       Whip              |       |       |       |   149 ||   149
Evoke: Wand              |       |       |       |     2 ||     2
  Use: Potion            |       |       |     2 |     3 ||     5
  Eat: Bread ration      |       |       |     1 |       ||     1
Armor: Scale mail        |     6 |     2 |    16 |    39 ||    63
       Plate armour      |       |       |       |    47 ||    47
Dodge: Dodged            |     7 |     7 |    20 |   103 ||   137
Block: Shield            |     5 |     6 |    21 |    96 ||   128
